 Dungeon Crawl Stone Soup version 0.24.0-123-gd5b16e6ec5 (webtiles) character file.

Game seed: 3347111306357787564, levelgen mode: deterministic

5794 mortelune the Carver (level 11, -10/87 HPs)
             Began as a Formicid Abyssal Knight on Dec 21, 2019.
             Was an Elder of Lugonu.
             Mangled by a komodo dragon (27 damage)
             ... on level 10 of the Dungeon.
             The game lasted 00:22:57 (9324 turns).

mortelune the Carver (Formicid Abyssal Knight)      Turns: 9324, Time: 00:22:58

Health: -10/87     AC: 14    Str: 19    XL:     11   Next: 6%
Magic:  15/15      EV: 11    Int: 13    God:    Lugonu [****..]
Gold:   304        SH:  0    Dex: 10    Spells: 10/10 levels left

rFire    . . .     SeeInvis +   n - +1 great sword
rCold    + . .     Gourm    .   (no shield)
rNeg     + + .     Faith    .   y - +1 scale mail "Waxish" {rC+ rN+ SInv}
rPois    +         Spirit   .   (helmet unavailable)
rElec    .         Reflect  .   f - +0 cloak
rCorr    .         Harm     .   (no gloves)
MR       +....                  v - +1 pair of boots
Stlth    ..........             o - amulet of regeneration
HPRegen  0.64/turn              F - ring of poison resistance
MPRegen  0.14/turn              E - ring of positive energy

@: no status effects
A: permanent stasis, dig shafts and tunnels, four strong arms, antennae 3,
mutation resistance 1, shaggy fur 1, wild magic 1
a: Dig, Shaft Self, Depart the Abyss, Bend Space, Banish, Corrupt, Renounce
Religion


You were on level 10 of the Dungeon.
You worshipped Lugonu.
Lugonu was greatly pleased with you.
You were not hungry.

You visited 1 branch of the dungeon, and saw 10 of its levels.
You visited the Abyss 1 time.

You collected 304 gold pieces.

Inventory:

Hand Weapons
 a - a +1 falchion
 n - a +1 great sword (weapon)
 I - a +0 arbalest
 K - a +0 falchion of holy wrath
Missiles
 A - 3 javelins (quivered)
 H - 5 silver javelins
 J - 2 curare-tipped darts
Armour
 b - a +0 leather armour
 e - a +0 ring mail
 f - a +0 cloak (worn)
 t - a +0 chain mail
 v - a +1 pair of boots (worn)
 w - a +0 plate armour
 y - the +1 scale mail "Waxish" (worn) {rC+ rN+ SInv}
   (You found it on level 6 of the Dungeon)

   It protects you from cold.
   It protects you from negative energy.
   It lets you see invisible.
Jewellery
 o - an amulet of regeneration (around neck)
 B - an uncursed ring of resist corrosion
 E - a ring of positive energy (right hand)
 F - a ring of poison resistance (left hand)
Wands
 m - a wand of enslavement (5)
 x - a wand of digging (13)
 D - a wand of flame (32)
 G - a wand of iceblast (11)
Scrolls
 d - 8 scrolls of identify
 i - a scroll of immolation
 j - a scroll of enchant weapon {unknown}
 k - 8 scrolls of remove curse
 q - a scroll of amnesia {unknown}
 z - a scroll of enchant armour {unknown}
 C - 2 scrolls of vulnerability {unknown}
Potions
 g - 3 potions of lignification
 h - 2 potions of heal wounds
 l - 3 potions of curing
 p - a potion of might
 r - 3 potions of resistance
 s - 4 potions of mutation
 u - 3 potions of agility
Comestibles
 c - 24 rations


   Skills:
 + Level 8.9 Fighting
 * Level 9.7 Long Blades
 + Level 8.5 Armour
 - Level 4.5 Dodging
 - Level 6.2 Invocations


You had 10 spell levels left.
You didn't know any spells.
Your spell library contained the following spells:

 Spells                   Type           Power        Failure   Level  Hunger
 Corona                   Hex            #......      69%         1    ##.....
 Flame Tongue             Conj/Fire      #....        69%         1    ##.....
 Slow                     Hex            #.......     82%         2    ###....
 Throw Flame              Conj/Fire      #.....       82%         2    ###....
 Conjure Flame            Conj/Fire      #.......     96%         3    ####...
 Inner Flame              Hex/Fire       #.......     96%         3    ####...
 Portal Projectile        Hex/Tloc       #.....       96%         3    ####...
 Cause Fear               Hex            #.........   100%        4    #####..
 Leda's Liquefaction      Hex/Erth       #.........   100%        4    #####..
 Sticky Flame             Conj/Fire      #.......     100%        4    #####..
 Fireball                 Conj/Fire      #.........   100%        5    ######.


Dungeon Overview and Level Annotations

Branches:
Dungeon (10/15)            Temple (0/1) D:6
   Lair: D:8-11         Orc: D:9-12

Altars:
Fedhas
Gozag
Hepliaklqana
Makhleb
Nemelex Xobeh
Qazlal
Sif Muna
Trog
Uskayaw
Vehumet
Wu Jian
Xom
The Shining One

Annotations:
D:4 2 transporters, Esos's ghost, amateur DgIE
D:8 Gastronok


Innate Abilities, Weirdness & Mutations

You cannot be hasted, slowed, berserked, paralysed or teleported.
You can dig through walls and to a lower floor.
Your four strong arms can wield two-handed weapons with a shield.
You have a pair of large antennae on your head. (SInv)
You are somewhat resistant to further mutation.
You are covered in fur. (AC +1)
Your spells are a little harder to cast, but a little more powerful.


Message History

The centaur is severely wounded.
The komodo dragon bites you but does no damage.
The centaur barely misses you.
You riposte.
You closely miss the centaur.
The centaur is severely wounded.
The killer bee moves out of view.
You closely miss the centaur.
The centaur is severely wounded.
The centaur closely misses you. The komodo dragon bites you!!
You slash the centaur!
You kill the centaur!
Lugonu accepts your kill. The komodo dragon bites you.
You slash the komodo dragon!
The komodo dragon is moderately wounded.
The komodo dragon bites you! The komodo dragon bites you!!
* * * LOW HITPOINT WARNING * * *
Press: ? - help, Shift-Dir - straight line, f - komodo dragon
Aim: a komodo dragon (moderately wounded, chance to defeat MR: 71%)
You fail to use your ability.
The komodo dragon bites you!!
You die...

...... ..........#
......#####........#
.......#...........#
.......#$..........#
.......(..((.(.....#
......#..(.........#
........(...#...#######
......l.....#.......<.#
.......@....#.........#
.......)....#.........#
............#.........#
.#..........#.........#
#..........#.........#
#..........#.........#
............####......#
##..........#


You could see a komodo dragon.

Vanquished Creatures
  A hornet (D:9)
  Grinder (D:2)
  Blork the orc (D:5)
  Sigmund (D:3)
  7 yaks
  A hungry ghost (D:7)
  2 orc warriors
  3 phantoms
  2 sky beasts
  2 ice beasts (D:7)
  3 ogres
  4 centaurs
  2 big kobolds
  2 bullfrogs (D:7)
  2 scorpions
  4 wights (D:6)
  5 howler monkeys
  6 crimson imps
  3 hounds
  9 orc wizards
  A bullfrog skeleton (D:6)
  3 orc priests
  2 iguanas
  Natasha (thrice) (D:3)
  8 worker ants
  A hound skeleton (D:4)
  A hound zombie (D:5)
  3 gnolls (D:2)
  9 adders
  A howler monkey skeleton (D:9)
  2 shadow imps
  An ooze (D:2)
  4 adder skeletons
  2 worms
  4 dart slugs
  3 leopard geckos
  21 orcs
  A ball python (D:2)
  7 bats
  11 giant cockroaches
  13 goblins
  8 hobgoblins
  16 jackals
  2 quokkas
  A frilled lizard (D:1)
  21 kobolds
  A leopard gecko skeleton (D:7)
  A quokka skeleton (D:4)
  3 rats
215 creatures vanquished.

Vanquished Creatures (collateral kills)
  Eustachio (D:5)
1 creature vanquished.

Vanquished Creatures (others)
  An orc wizard (D:7)
1 creature vanquished.

Grand Total: 217 creatures vanquished

Notes
Turn   | Place    | Note
-------+----------+-------------------------------------------
     0 | Abyss:1  | mortelune the Formicid Abyssal Knight began the quest for
                  | the Orb.
     0 | Abyss:1  | Reached XP level 1. HP: 18/18 MP: 2/2
    25 | Abyss:1  | Found a corrupted altar of Lugonu.
    62 | D:1      | Escaped the Abyss
    69 | D:1      | Reached skill level 1 in Dodging
   278 | D:1      | Reached XP level 2. HP: 18/24 MP: 3/3
   280 | D:1      | Reached * piety under Lugonu
   643 | D:1      | Reached XP level 3. HP: 27/29 MP: 4/4
  1390 | D:2      | Reached XP level 4. HP: 37/37 MP: 6/6
  2039 | D:2      | Reached XP level 5. HP: 34/42 MP: 7/7
  2227 | D:3      | Noticed Natasha
  2232 | D:3      | Killed Natasha
  2395 | D:3      | Reached ** piety under Lugonu
  2418 | D:3      | Noticed Grinder
  2499 | D:3      | Noticed Natasha
  2528 | D:3      | Killed Natasha
  2528 | D:3      | Reached skill level 3 in Long Blades
  2568 | D:3      | Found a stormy altar of Qazlal.
  2716 | D:3      | Noticed Sigmund
  2753 | D:3      | Killed Sigmund
  2753 | D:3      | Reached XP level 6. HP: 35/49 MP: 7/9
  2849 | D:3      | Reached XP level 7. HP: 54/55 MP: 10/10
  2970 | D:2      | Killed Grinder
  3103 | D:3      | Noticed Natasha
  3351 | D:3      | Killed Natasha
  3351 | D:3      | Reached skill level 5 in Fighting
  3527 | D:4      | Reached skill level 4 in Long Blades
  3595 | D:4      | Found a transporter.
  3601 | D:4      | Noticed Esos's ghost (amateur DgIE)
  3613 | D:4      | Found a transporter.
  3707 | D:4      | Reached XP level 8. HP: 53/62 MP: 11/11
  3864 | D:4      | Reached skill level 5 in Invocations
  4192 | D:4      | Reached skill level 5 in Armour
  4245 | D:4      | Found a hide-covered altar of Uskayaw.
  4251 | D:4      | Found a hazy altar of Hepliaklqana.
  4252 | D:4      | Found a sparkling altar of Nemelex Xobeh.
  4254 | D:4      | Found an ornate altar of the Wu Jian Council.
  4452 | D:4      | Found a glowing golden altar of the Shining One.
  4659 | D:5      | Entered Level 5 of the Dungeon
  4677 | D:5      | Gained mutation: Your spells are a little easier to cast,
                  | but a little less powerful. [potion of mutation]
  4677 | D:5      | Gained mutation: You do not regenerate when monsters are
                  | visible. [potion of mutation]
  4677 | D:5      | Gained mutation: You are covered in fur. (AC +1) [potion of
                  | mutation]
  4678 | D:5      | Lost mutation: Your spells are a little easier to cast, but
                  | a little less powerful. [potion of mutation]
  4678 | D:5      | Lost mutation: You do not regenerate when monsters are
                  | visible. [potion of mutation]
  4678 | D:5      | Gained mutation: Your spells are a little harder to cast,
                  | but a little more powerful. [potion of mutation]
  4678 | D:5      | Gained mutation: You are somewhat resistant to further
                  | mutation. [potion of mutation]
  4689 | D:5      | Reached *** piety under Lugonu
  5103 | D:5      | Noticed Eustachio
  5233 | D:5      | Noticed Blork the orc
  5258 | D:5      | Killed Eustachio
  5258 | D:5      | Reached XP level 9. HP: 59/69 MP: 13/13
  5260 | D:5      | Reached skill level 5 in Long Blades
  5281 | D:5      | Killed Blork the orc
  5525 | D:5      | Found a radiant altar of Vehumet.
  5750 | D:6      | Found an opulent altar of Gozag.
  6035 | D:6      | Found a blossoming altar of Fedhas.
  6059 | D:6      | Reached skill level 6 in Long Blades
  6172 | D:6      | Found a bloodstained altar of Trog.
  6297 | D:6      | Found a staircase to the Ecumenical Temple.
  6314 | D:6      | Got a jet-encrusted scale mail
  6339 | D:6      | Identified the +1 scale mail "Waxish" {rC+ rN+ SInv} (You
                  | found it on level 6 of the Dungeon)
  6688 | D:6      | Found an opulent altar of Gozag.
  6980 | D:7      | Reached skill level 7 in Long Blades
  7217 | D:7      | Reached XP level 10. HP: 79/79 MP: 14/14
  7315 | D:7      | Reached **** piety under Lugonu
  7652 | D:7      | Found a shimmering blue altar of Sif Muna.
  7967 | D:8      | Reached skill level 8 in Long Blades
  7975 | D:8      | Noticed an eight-headed hydra
  7981 | D:8      | Banished an eight-headed hydra
  8274 | D:8      | Found a bloodstained altar of Trog.
  8277 | D:8      | Found a shimmering altar of Xom.
  8277 | D:8      | Found a shimmering altar of Xom.
  8392 | D:8      | Noticed Gastronok
  8510 | D:9      | Reached skill level 9 in Long Blades
  8698 | D:9      | Found a burning altar of Makhleb.
  8959 | D:9      | Reached XP level 11. HP: 87/87 MP: 15/15
  9297 | D:10     | Entered Level 10 of the Dungeon
  9324 | D:10     | Mangled by a komodo dragon

Levels and vault maps discovered:
D:1:      minmay_arrival_stone_box, layout_rooms
D:2:      layout_loops_corners
D:3:      layout_rooms, nicolae_overflow_crystal_walls, uniq_natasha,
          uniq_grinder, uniq_sigmund
D:4:      layout_loops_ring, minitemple, lemuel_coloured_pillars_altar,
          first_ration, gammafunk_ghost_stat_death, nrook_campfire
D:5:      layout_basic, kennysheep_mini_moat, uniq_eustachio, uniq_blork_the_orc
D:6:      layout_basic, marbit_many_paths, bloody_trog,
          minmay_temple_entry_drinking_statues, serial_glass, glass_columns_c,
          glass_columns_c, glass_columns_a, glass_columns_a, glass_columns_a,
          glass_columns_b, glass_columns_a, glass_columns_b, glass_columns_c,
          glass_columns_b, glass_columns_a, glass_columns_c, glass_columns_a,
          glass_columns_b, minmay_strange_pillars, hangedman_feature_mirror
D:7:      minmay_evil_eye, layout_basic, led_sif_book
D:8:      layout_loops_ring, grunt_ogre_cave, chequers_serial_rivers_room_a,
          minmay_misc_feat_tower, doesnt_xom_only_xom, uniq_gastronok
D:9:      layout_roguey, bloody_makhleb
D:10:     cheibrodos_fzero, layout_basic, david_orc_5, serial_bayou_pond_e,
          minmay_radiant

Skill      XL: |  1  2  3  4  5  6  7  8  9 10 |
---------------+-------------------------------+-----
Dodging        | 1 2 3 4 |  4.5
Invocations    | 3 4 5 6 |  6.2
Armour         | 3 4 5 6 8 |  8.5
Fighting       | 4 5 6 7 8 |  8.9
Long Blades    | 3 4 7 9 |  9.7

Action                   |  1- 3 |  4- 6 |  7- 9 | 10-12 || total
-------------------------+-------+-------+-------+-------++-------
Melee: Falchion          |   111 |   153 |   572 |       ||   836
       Great sword       |       |       |    38 |   245 ||   283
Invok: Depart the Abyss  |     1 |       |       |       ||     1
       Banish            |       |       |       |     4 ||     4
 Abil: Dig               |     1 |       |     2 |     1 ||     4
Evoke: Wand              |       |       |     3 |       ||     3
  Use: Potion            |       |     2 |     2 |     1 ||     5
       Scroll            |       |       |     7 |       ||     7
  Eat: Chunk             |     2 |     5 |    16 |     9 ||    32
Armor: Ring mail         |    38 |    50 |    49 |       ||   137
       Skin              |       |    16 |       |       ||    16
       Plate armour      |       |       |   282 |       ||   282
       Scale mail        |       |       |    54 |   163 ||   217
Dodge: Dodged            |    73 |    85 |   269 |   150 ||   577
       Rpst.: Falchion   |    18 |    31 |    84 |       ||   133
       Great sword       |       |       |     9 |    44 ||    53
